 Dungeon Crawl Stone Soup version 0.22-a0-406-g9ff8d77 (webtiles) character file.

130 grindst0ne the Skirmisher (level 4, 0/36 HPs)
             Began as a Mummy Gladiator on May 8, 2018.
             Slain by a quasit (1 damage)
             ... on level 3 of the Dungeon.
             The game lasted 00:06:42 (3033 turns).

grindst0ne the Skirmisher (Mummy Gladiator)         Turns: 3033, Time: 00:06:43

Health: 0/36       AC: 12    Str: 18      XL:     4   Next: 90%
Magic:  0/4        EV:  4    Int:  7      God:
Gold:   87         SH:  3    Dex:  7 (13) Spells: 3/3 levels left

rFire    x . .     SeeInvis .   o - +0 broad axe
rCold    + . .     Gourm    .   e - +0 buckler
rNeg     + + +     Faith    .   g - +0 plate armour
rPois    ∞         Spirit   +   c - +1 helmet
rElec    .         Reflect  .   (no cloak)
rCorr    .         Harm     .   (no gloves)
MR       .....                  (no boots)
Stlth    ..........             j - amulet of guardian spirit
HPRegen  0.12/turn              (no ring)
MPRegen  0.09/turn              (no ring)

@: no status effects
A: no food or potions, fire vulnerability, cold resistance 1, negative energy
resistance 3, torment resistance, unbreathing
a: no special abilities


You were on level 3 of the Dungeon.
You were not hungry.

You visited 1 branch of the dungeon, and saw 4 of its levels.

You collected 87 gold pieces.

Inventory:

Hand Weapons
 a - a +0 quarterstaff
 o - a +0 broad axe (weapon)
Missiles
 d - 3 throwing nets (quivered)
 m - 2 javelins
Armour
 c - a +1 helmet (worn)
 e - a +0 buckler (worn)
 g - a +0 plate armour (worn)
Jewellery
 j - an amulet of guardian spirit (around neck)
Scrolls
 b - a scroll of magic mapping
 i - a scroll of identify
 l - 2 scrolls of remove curse


   Skills:
 + Level 3.6 Fighting
 * Level 1.5 Axes
 - Level 3.2 Staves
 - Level 1.5 Throwing
 - Level 2.4 Dodging
 + Level 0.6 Shields


You had 3 spell levels left.
You didn't know any spells.

Dungeon Overview and Level Annotations

Branches:
Dungeon (4/15)
 Temple: D:4-7

Altars:
Wu Jian

Shops:
D:4 !

Annotations:
D:3 Robin


Innate Abilities, Weirdness & Mutations

You do not eat or drink.
Your flesh is vulnerable to fire.
You are immune to poison.
Your flesh is cold resistant. (rC+)
You are immune to negative energy. (rN+++)
You are immune to unholy pain and torment.
You can survive without breathing.


Message History

You block the quasit's attack. The adder barely misses you.
The quasit bites you but does no damage.
The quasit claws you but does no damage. x2
The adder bites you but does no damage.
You miss the adder.
The adder is heavily wounded.
You barely miss the quasit.
The quasit bites you but does no damage.
The quasit claws you but does no damage.
The quasit barely misses you. You block the adder's attack.
The quasit bites you but does no damage.
The quasit claws you but does no damage. x2
The adder barely misses you.
You closely miss the adder.
The adder is heavily wounded.
Your plate armour prevents you from hitting the quasit.
You block the quasit's attack.
The quasit claws you but does no damage. x2
The adder bites you but does no damage. The quasit bites you.
You die...

*********************************
,,,,,,,,,,,,,,,,,,,,,,,,,,,,,,,,,
#####################************
....................##,,,,,,,,***
########.............#,***,,,,,,,
...#.###.#############.# *,,,,,,,
..<......# #...§5§§§§..# *,,,,,,,
############.#############.g.,,,,
.............>.S@5bsoo...'...,,,,
#############.#######o####..,,,,,
,,,,,,.........# #.# ********
*****########..######.###########
#...........................
#.........######o###########
#.........######o#####
#..................5.##
#........#######.###o.#


You could see an orc priest, a quasit, an adder, 2 orcs, a giant cockroach and a
bat.

Vanquished Creatures
  An orc priest (D:3)
  3 adders
  2 worms (D:2)
  2 dart slugs
  A leopard gecko (D:2)
  3 orcs
  7 bats
  A giant cockroach (D:3)
  14 goblins
  3 hobgoblins
  4 jackals (D:1)
  7 kobolds
  A quokka (D:3)
  7 frilled lizards
  4 rats
60 creatures vanquished.

Notes
Turn   | Place    | Note
-------+----------+-------------------------------------------
     0 | D:1      | grindst0ne the Mummy Gladiator began the quest for the Orb.
     0 | D:1      | Reached XP level 1. HP: 16/16 MP: 1/1
   289 | D:1      | Reached XP level 2. HP: 19/23 MP: 2/2
  1311 | D:2      | Reached XP level 3. HP: 27/28 MP: 3/3
  2095 | D:3      | Reached XP level 4. HP: 6/35 MP: 1/4
  2366 | D:3      | Reached skill level 1 in Axes
  2593 | D:4      | Found Ykedd's Distillery.
  2671 | D:3      | Noticed Robin
  2953 | D:3      | Found an ornate altar of the Wu Jian Council.
  3028 | D:3      | HP: 1/36 [adder (3)]
  3033 | D:3      | Slain by a quasit

Vault maps used:
D:1:      elethiomel_arrival_maze
D:3:      lemuel_doored_altar, uniq_terence, uniq_robin
D:4:      minmay_temple_entry_crystal_x, serial_shops, shop

Skill      XL: |  1  2  3  4 |
---------------+-------------+-----
Staves         | 3 |  3.2
Fighting       | 3 |  3.6
Axes           | 1 |  1.5
Throwing       | |  1.5
Dodging        | |  2.4
Shields        | |  0.6

Action                   |  1- 3 |  4- 6 || total
-------------------------+-------+-------++-------
Melee: Quarterstaff      |   141 |       ||   141
       Broad axe         |    79 |   103 ||   182
  Use: Scroll            |     6 |     2 ||     8
Armor: Leather armour    |    29 |       ||    29
       Plate armour      |   214 |   216 ||   430
Dodge: Dodged            |   166 |    82 ||   248
Block: Buckler           |       |    26 ||    26

Table legend:
 A = Spawn XP
 B = Non-spawn XP
 C = Spawn XP percentage of total XP
 D = Spawn monster count
 E = Non-spawn monster count
 F = Spawn count percentage of total count
 G = Total turns spent on level
                    A         B        C        D         E        F      G
               +---------+---------+-------+---------+---------+-------+---------
         Total |       0 |     187 |   0.0 |       0 |      60 |   0.0 |  3033
               +---------+---------+-------+---------+---------+-------+---------
           D:1 |       0 |      38 |   0.0 |       0 |      22 |   0.0 |  1227
           D:2 |       0 |      50 |   0.0 |       0 |      20 |   0.0 |   762
           D:3 |       0 |      96 |   0.0 |       0 |      17 |   0.0 |   931
           D:4 |       0 |       3 |   0.0 |       0 |       1 |   0.0 |   113
               +---------+---------+-------+---------+---------+-------+---------
